 Dungeon Crawl Stone Soup version 0.31-a0-986-g5e6e4ef867 (webtiles) character file.

Game seed: 13556311035525024828

12114 CraigForest the Grappler (level 11, -27/91 HPs)
             Began as a Troll Fighter on Nov 22, 2023.
             Was an Elder of Hepliaklqana.
             Annihilated by Lodul
             ... wielding a +0 dire flail of venom
              (34 damage)
             ... on level 10 of the Dungeon.
             The game lasted 00:34:31 (7886 turns).

CraigForest the Grappler (Troll Fighter)            Turns: 7886, Time: 00:34:32

Health: -27/91     AC:  6    Str: 34    XL:     11   Next: 58%
Magic:  3/19       EV: 10    Int:  3    God:    Hepliaklqana [****..]
Gold:   1371       SH: 10    Dex:  8    Spells: 10/10 levels left

rFire   . .          .
                       - Unarmed
rCold   + . .        b - +1 kite shield
rNeg    . . .        d - +2 robe {rC+}
rPois   +            (helmet restricted)
rElec   .            (no cloak)
rCorr   .            (gloves unavailable)
SInv    .            (boots unavailable)
Will    .....        (no amulet)
Stlth   +            i - ring of magical power
HPRegen 1.15/turn    y - ring of poison resistance
MPRegen 0.16/turn

%: no passive effects
@: mighty
A: reduced essence, large, unfitting armour, claws 3, regeneration 1, shaggy fur
1, tough skin 1, strong 1, MP-powered wands
a: Renounce Religion, Recall Ancestor, Ancestor Identity, Transference, Idealise


You were on level 10 of the Dungeon.
You worshipped Hepliaklqana.
Hepliaklqana was greatly pleased with you.
You visited 2 branches of the dungeon, and saw 11 of its levels.
You also visited: Bailey.

You collected 1371 gold pieces.

Inventory:

Hand Weapons
 v - a +2 scimitar of flaming
Missiles
 m - 28 poisoned darts
 w - 2 javelins
Armour
 a - a +0 robe
 b - a +1 kite shield (worn)
 d - a +2 robe of cold resistance (worn)
 e - an orb of light
Jewellery
 f - an amulet of faith
 i - a ring of magical power (left claw)
 y - a ring of poison resistance (right claw)
 G - a +6 ring of intelligence
 H - a ring of positive energy
 J - an amulet of regeneration
Wands
 t - a wand of acid (5)
 u - a wand of flame (25) (quivered)
 E - a wand of charming (9)
Scrolls
 k - 3 scrolls of revelation
 n - 3 scrolls of noise
 o - a scroll of teleportation
 q - a scroll of fog
 r - a scroll of vulnerability
Potions
 c - a potion of might
 g - 2 potions of berserk rage
 h - a potion of degeneration
 s - a potion of enlightenment {unknown}
 x - 2 potions of cancellation
 z - 4 potions of curing
 A - a potion of resistance
 F - 2 potions of mutation
 I - a potion of lignification {unknown}


   Skills:
 + Level 5.1 Fighting
 + Level 7.9 Dodging
 - Level 1.0 Stealth
 + Level 8.5 Shields
 + Level 12.6 Unarmed Combat
 + Level 1.4 Evocations


You had 10 spell levels left.
You didn't know any spells.
Your spell library contained the following spells:

 Spells                   Type           Power      Damage    Failure   Level
 Shock                    Conj/Air       0%         1d3       67%         1
 Sting                    Tmut/Pois      0%         1d3       67%         1
 Poisonous Vapours        Pois/Air       0%         N/A       82%         2
 Ignite Poison            Fire/Tmut/Pois 0%         N/A       96%         3
 Stone Arrow              Conj/Erth      0%         3d7       96%         3
 Tukima's Dance           Hex            0%         N/A       96%         3
 Animate Armour           Summ/Erth      0%         N/A       100%        4
 Olgreb's Toxic Radiance  Pois           0%         N/A       100%        4
 Passage of Golubria      Tloc           0%         N/A       100%        4
 Sticky Flame             Conj/Fire      0%         2d3       100%        4
 Arcjolt                  Conj/Air       0%         1d10      100%        5
 Silence                  Hex/Air        0%         N/A       100%        5
 Yara's Violent Unravell  Hex/Tmut       0%         3d3       100%        5
 Conjure Ball Lightning   Conj/Air       0%         3x3d6     100%        6
 Ignition                 Fire           0%         3d3       100%        8
 Lehudib's Crystal Spear  Conj/Erth      0%         10d2      100%        8


Dungeon Overview and Level Annotations

Branches:
Dungeon (10/15)            Temple (1/1) D:4            Lair (0/5) D:8
    Orc (0/2) D:10         Bailey (visited)

Altars:
Ashenzari
Cheibriados
Dithmenos
Elyvilon
Fedhas
Gozag
Hepliaklqana
Kikubaaqudgha
Makhleb
Nemelex Xobeh
Okawaru
Qazlal
Ru
Sif Muna
Trog
Uskayaw
Vehumet
Wu Jian
Xom
Yredelemnul
Zin
The Shining One

Shops:
D:10 :

Annotations:
D:10 Lodul


Innate Abilities, Weirdness & Mutations

Your life essence is reduced to manifest your ancestor. (-10% HP)
You are too large for most types of armour.
You have claws for hands.
Your natural rate of healing is unusually fast.
You are covered in fur. (AC +1)
You have tough skin. (AC +1)
Your muscles are strong. (Str +4, Int/Dex -1)
You expend magic power (3 MP) to strengthen your wands.


Message History

* * * LOW HITPOINT WARNING * * *
The yak bellows! x2
You claw the ogre!
You kill the ogre!
You hear a bellow!
You feel very mighty all of a sudden. The ogre closely misses you.
You mangle the ogre!!
You kill the ogre!
You barely miss the yak. You block the yak's attack.
A yak comes into view.
You mangle the yak!!
The yak is heavily wounded.
You block the yak's attack.
You completely miss the yak.
The yak is heavily wounded.
You mangle the yak!!
You kill the yak!
You mangle the yak!!
The yak is almost dead.
A yak comes into view.
The yak gores you!
* * * LOW HITPOINT WARNING * * *
You claw the yak!
You kill the yak!
You mangle Lodul!!
Lodul is moderately wounded.
Lodul hits you with a +0 dire flail of venom!!
* * * LOW HITPOINT WARNING * * *
Unknown command.
As you read the scroll of fear, it crumbles to dust.
You assume a fearsome visage.
The yak looks frightened!
Lodul looks frightened!
The yak looks frightened! x3
You claw Lodul!
Your attack snaps Lodul out of his fear.
Lodul is heavily wounded.
Cornered, the yak turns to fight!
Lodul pleads, "Please don't kill me!"
Lodul hits you with a +0 dire flail of venom!!
You die...

#...#8._.># ##..#.....#
< #####.#.....# ..
#...).8..⌠..# ##...
.....)))....# ......
.....)8)....### #YY....
......#.....#.##
###)..Y...
#.....#######..###..).#
#...............@OY####
#...............####
##........#..####
.#########..## ..###
##..## #...####..##
##....#..## ###....##
##..##


You could see Lodul and 4 yaks.

Vanquished Creatures
  Sonja (D:10)
  A deep elf pyromancer (Bailey)
  An elephant (D:8)
  An unseen horror (D:8)
  Jeremiah (D:8)
  2 shadows (D:10)
  A vampire (D:6)
  A wyvern (D:8)
  10 yaks
  Eustachio (D:4)
  Grum (D:10)
  Edmund (D:5)
  8 orc warriors
  2 sky beasts (D:6)
  6 ogres
  2 black bears
  3 centaurs
  3 wolves (D:10)
  A kobold brigand (D:10)
  Blork the orc (D:6)
  5 bullfrogs
  4 scorpions
  A gnoll sergeant (D:10)
  6 wights
  8 killer bees
  4 howler monkeys
  6 orc priests
  2 jellies
  A gnoll bouda (D:4)
  2 hounds
  2 iguanas (D:6)
  Jessica (D:3)
  Terence (D:3)
  A sleepcap (D:6)
  Natasha (thrice) (D:4)
  8 orc wizards
  A mummy (D:8)
  Robin (D:3)
  7 adders
  8 gnolls
  4 shadow imps
  2 white imps (D:6)
  A worm (D:3)
  2 dart slugs
  38 orcs
  6 ball pythons
  6 endoplasms
  3 giant cockroaches
  16 goblins
  10 hobgoblins
  3 jackals (D:5)
  4 quokkas
  4 bats (D:1)
  2 frilled lizards
  11 kobolds
  5 rats
237 creatures vanquished.

Vanquished Creatures (collateral kills)
  A centaur warrior (D:9)
  An orc knight (Bailey)
  An ugly thing (D:9)
  An acid dragon (D:10)
  5 orc warriors
  An ice beast (D:7)
  A sky beast (D:7)
  A centaur (D:9)
  2 kobold brigands
  3 bullfrogs (D:8)
  A scorpion (D:7)
  7 killer bees
  A jelly (D:8)
  3 orc priests
  A sleepcap (D:6)
  4 orc wizards
  2 gnolls (D:10)
  22 orcs
  3 goblins (D:7)
  2 kobolds (D:7)
63 creatures vanquished.

Vanquished Creatures (others)
  2 ogres (D:10)
  6 battlemagi
8 creatures vanquished.

Grand Total: 308 creatures vanquished

Notes
Turn   | Place    | Note
-------+----------+-------------------------------------------
     0 | D:1      | CraigForest the Troll Fighter began the quest for the Orb.
     0 | D:1      | Reached XP level 1. HP: 22/22 MP: 0/0
   303 | D:1      | Reached XP level 2. HP: 29/29 MP: 1/1
   367 | D:1      | Got Teuwor's Catalogue of the Vapourous Gift
   529 | D:1      | Reached XP level 3. HP: 36/36 MP: 2/2
  1063 | D:2      | Found a faded altar of an unknown god.
  1440 | D:3      | Noticed Terence
  1460 | D:3      | Killed Terence
  1461 | D:3      | Reached skill level 3 in Unarmed Combat
  1461 | D:3      | Reached XP level 4. HP: 43/44 MP: 3/3
  1473 | D:3      | Noticed Jessica
  1480 | D:3      | Killed Jessica
  1554 | D:3      | Noticed Robin
  1575 | D:3      | Killed Robin
  1576 | D:3      | Reached XP level 5. HP: 46/53 MP: 4/4
  1633 | D:3      | Gained mutation: You are dopey. (Int -2) [potion of
                  | mutation]
  1633 | D:3      | Gained mutation: Your muscles are strong. (Str +4, Int/Dex
                  | -1) [potion of mutation]
  1633 | D:3      | Lost mutation: You are dopey. (Int -2) [potion of mutation]
  1633 | D:3      | Gained mutation: You expend magic power (3 MP) to
                  | strengthen your wands. [potion of mutation]
  1936 | D:4      | Reached skill level 4 in Unarmed Combat
  1936 | D:4      | Reached XP level 6. HP: 61/61 MP: 5/5
  2204 | D:4      | Found a staircase to the Ecumenical Temple.
  2214 | Temple   | Entered the Ecumenical Temple
  2221 | Temple   | Became a worshipper of Hepliaklqana the Forgotten
  2281 | D:4      | Found a blossoming altar of Fedhas.
  2290 | D:4      | Noticed Eustachio
  2305 | D:4      | Killed Eustachio
  2306 | D:4      | Reached skill level 5 in Unarmed Combat
  2442 | D:4      | Noticed Natasha
  2457 | D:4      | Killed Natasha
  2463 | D:4      | Noticed Natasha
  2470 | D:4      | Killed Natasha
  2471 | D:4      | Reached XP level 7. HP: 59/67 MP: 6/6
  2570 | D:4      | Noticed Natasha
  2580 | D:4      | Killed Natasha
  2676 | D:5      | Entered Level 5 of the Dungeon
  2950 | D:5      | Reached skill level 6 in Unarmed Combat
  2973 | D:5      | Reached * piety under Hepliaklqana
  3260 | D:5      | Noticed Edmund
  3266 | D:5      | Killed Edmund
  3586 | D:6      | Reached XP level 8. HP: 54/67 MP: 7/7
  3666 | D:6      | Noticed Blork the orc
  3675 | D:6      | Killed Blork the orc
  3676 | D:6      | Reached skill level 7 in Unarmed Combat
  3930 | D:6      | Reached skill level 5 in Dodging
  3954 | D:6      | Reached skill level 8 in Unarmed Combat
  4142 | D:6      | Reached skill level 5 in Shields
  4227 | D:6      | Reached skill level 1 in Stealth
  4232 | D:6      | Reached XP level 9. HP: 61/75 MP: 8/8
  4523 | D:7      | Reached ** piety under Hepliaklqana
  4524 | D:7      | Remembered your ancestor Cyneburga as a battlemage
  4566 | D:7      | Noticed a rust devil
  4567 | D:7      | Noticed a rust devil
  4595 | D:7      | Identified the +5 morningstar "Ynkasash" {heavy, Stlth+}
  4608 | D:7      | Reached skill level 9 in Unarmed Combat
  4713 | D:7      | Found a flagged portal.
  4722 | Bailey   | Entered a bailey
  4768 | Bailey   | Found a large runed translucent door.
  4768 | Bailey   | Found a large runed translucent door.
  4769 | Bailey   | Noticed an orc knight
  4769 | Bailey   | Noticed a deep elf pyromancer
  4784 | Bailey   | Killed an orc knight
  4785 | Bailey   | Reached skill level 10 in Unarmed Combat
  4848 | Bailey   | Killed a deep elf pyromancer
  4849 | Bailey   | Reached skill level 1 in Evocations
  4849 | Bailey   | Reached XP level 10. HP: 63/83 MP: 9/9
  4863 | Bailey   | Identified the +4 plate armour of Understanding {+Inv Will+
                  | rCorr Dex-3}
  5251 | D:8      | Found a snail-covered altar of Cheibriados.
  5296 | D:8      | Found a stormy altar of Qazlal.
  5706 | D:8      | Found a staircase to the Lair.
  5706 | D:8      | Noticed an elephant
  5711 | D:8      | Killed an elephant
  5740 | D:8      | Reached *** piety under Hepliaklqana
  5796 | D:8      | Noticed Jeremiah
  5807 | D:8      | Killed Jeremiah
  5808 | D:8      | Reached skill level 11 in Unarmed Combat
  5976 | D:8      | Identified a scroll of acquirement
  5976 | D:8      | Acquired 623 gold pieces
  6503 | D:9      | Noticed a centaur warrior
  6577 | D:9      | Noticed a brown ugly thing
  6579 | D:9      | Killed a centaur warrior
  6584 | D:9      | Killed a brown ugly thing
  6589 | D:9      | Reached XP level 11. HP: 32/90 MP: 10/10
  6818 | D:9      | Found a glowing silver altar of Zin.
  6824 | D:9      | Found a glowing golden altar of the Shining One.
  7313 | D:10     | Entered Level 10 of the Dungeon
  7319 | D:10     | Noticed Sonja
  7322 | D:10     | Killed Sonja
  7323 | D:10     | Reached skill level 12 in Unarmed Combat
  7360 | D:10     | Found a staircase to the Orcish Mines.
  7468 | D:10     | Noticed Grum
  7514 | D:10     | Reached **** piety under Hepliaklqana
  7543 | D:10     | Killed Grum
  7559 | D:10     | Found Molasim's Self-Published Books.
  7678 | D:10     | Reached skill level 5 in Fighting
  7857 | D:10     | Noticed Lodul
  7882 | D:10     | HP: 3/91 [Lodul/+0 dire flail of venom (23)]
  7886 | D:10     | Annihilated by Lodul

Illustrated notes

Levels and vault maps discovered:
D:1:      ebering_trefoil_3fold, layout_basic
D:2:      layout_rooms, ebering_ecumenical_altar_hall
D:3:      layout_rooms, uniq_terence, uniq_jessica, uniq_robin
D:4:      layout_loops_ring, fedhas_altar_3, temple_pool_b, roderic_lattice_a,
          minmay_diced_spiral, uniq_eustachio, uniq_natasha
D:5:      layout_basic, uniq_edmund
D:6:      minmay_chambers_of_fours, layout_cave_pods, uniq_blork_the_orc
D:7:      cheibrodos_iron_armory, layout_cave_pools, enter_bailey_5
D:8:      layout_layer_cave, grunt_qazlal_clouds, slow_altar_1,
          grunt_lair_entry_orc_guard_hut, minmay_circle_x, uniq_jeremiah
D:9:      layout_basic, mainiacjoe_overflow_big_doors, nicolae_two_hexagons,
          minmay_checkerbox
D:10:     gammafunk_corrupted_shrine, layout_cave_pods, david_orc_5,
          nicolae_custom_books, st_stairs_10, uniq_lodul, uniq_erolcha,
          uniq_sonja, uniq_grum
Temple:   sentei_temple_godly_chess

Skill      XL: |  1  2  3  4  5  6  7  8  9 10 11 |
---------------+----------------------------------+-----
Shields        | 3 4 5 6 7 8 |  8.5
Dodging        | 3 4 5 6 7 |  7.9
Unarmed Combat | 3 4 5 6 8 10 11 12 | 12.6
Fighting       | 3 4 5 |  5.1
Stealth        | 1 |  1.0
Evocations     | 1 |  1.4

Action                     |  1- 3 |  4- 6 |  7- 9 | 10-12 || total
---------------------------+-------+-------+-------+-------++-------
  Melee: Unarmed           |   109 |   116 |   253 |   217 ||   695
 Invoke: Ancestor Life: Ba |       |       |     1 |       ||     1
  Evoke: Wand              |       |       |     4 |    16 ||    20
    Use: Scroll            |     5 |     2 |     7 |     9 ||    23
         Potion            |       |     1 |     1 |     6 ||     8
   Stab: Distracted        |       |       |       |     3 ||     3
 Armour: Robe              |    56 |    63 |   191 |   155 ||   465
  Dodge: Dodged            |    39 |    38 |   103 |    89 ||   269
  Block: Kite shield       |    30 |    38 |    95 |   124 ||   287

Table legend: (Time is in decaauts)
 A = Elapsed time spent in this place.
 B = Non-inter-level travel time spent in this place.
 C = Inter-level travel time spent in this place.
 D = Time resting spent in this place.
 E = Time spent auto-exploring this place.
 F = Levels seen in this place.
 G = Mean time per level.
                   A        B        C        D        E       F      G
               +--------+--------+--------+--------+--------+-----+--------+
         Total |   7867 |   7652 |    215 |      0 |   5602 |  12 |  655.6 |
       Dungeon |   7633 |   7418 |    215 |      0 |   5519 |  10 |  763.3 |
        Temple |     14 |     14 |      0 |      0 |      0 |   1 |   14.0 |
        Bailey |    219 |    219 |      0 |      0 |     83 |   1 |  219.0 |
               +--------+--------+--------+--------+--------+-----+--------+

Top non-repeatable levels by time:
     D:8: 1307 daAuts
     D:6: 999 daAuts
     D:4: 898 daAuts
     D:1: 817 daAuts
     D:5: 811 daAuts
     D:9: 742 daAuts
    D:10: 554 daAuts
     D:2: 547 daAuts
     D:7: 529 daAuts
     D:3: 424 daAuts
  Bailey: 219 daAuts
  Temple: 14 daAuts
